 Dungeon Sprint DCSS version 0.30-a0-949-g53dc5368d7 (webtiles) character file.

Game seed: 18413264150206596111

88 retardedninja the Severer (level 8, 0/79 HPs)
             Began as a Hill Orc Fighter on Mar 27, 2023.
             Was an Initiate of Gozag.
             Killed from afar by a naga mage (5 damage)
             ... with a bolt of poison
             ... in the Dungeon (Sprint VI: "Thunderdome").
             The game lasted 00:06:01 (582 turns).

retardedninja the Severer (Hill Orc Fighter)         Turns: 582, Time: 00:06:03

Health: 0/79       AC: 13    Str: 21    XL:     8   Next: 67%
Magic:  8/8        EV:  9    Int:  8    God:    Gozag
Gold:   967        SH:  7    Dex: 18    Spells: 7/7 levels left

rFire   + . .      SeeInvis .    a - +0 war axe
rCold   + . .      Faith    .    c - +0 buckler
rNeg    . . .      Spirit   .    b - +0 scale mail
rPois   .          Reflect  .    (no helmet)
rElec   .          Rampage  .    o - +0 cloak
rCorr   .          NoTele   +    (no gloves)
Will    .....                    (no boots) Stlth
                                 (no amulet)
HPRegen 0.33/turn                p - ring of Law {rC+ AC+4 Dex+2 Slay+3}
MPRegen 0.11/turn                r - ring "Yhiuj" {rF+ Dex+6}

@: lethally poisoned (0 -> -13), gold aura
A: no striking features
a: Renounce Religion, Potion Petition, Call Merchant, Bribe Branch


You were in the Dungeon.
You worshipped Gozag.
Gozag was pleased with you.
You visited 1 branch You collected 1456 gold pieces.
You spent 489 gold pieces at shops.

Inventory:

Hand Weapons
 a - a +0 war axe (weapon)
Armour
 b - a +0 scale mail (worn)
 c - a +0 buckler (worn)
 o - a +0 cloak (worn)
Jewellery
 p - the ring of Law (left hand) {rC+ AC+4 Dex+2 Slay+3}
   (You bought it in a shop in the Dungeon)

   [ring of protection]

   AC:        It affects your AC (+4).
   Dex:       It affects your dexterity (+2).
   Slay:      It affects your accuracy & damage with ranged weapons and melee
   (+3).
   rC:        It protects you from cold.
 r - the ring "Yhiuj" (right hand) {rF+ Dex+6}
   (You bought it in a shop in the Dungeon)

   [ring of dexterity]

   Dex:       It affects your dexterity (+6).
   rF:        It protects you from fire.
Wands
 m - a wand of iceblast (5)
Scrolls
 j - 4 scrolls of blinking
 n - 3 scrolls of fog
Potions
 d - a potion of might
 f - 2 potions of heal wounds
 g - 3 potions of haste
 h - 2 potions of magic
 i - a potion of berserk rage
 k - a potion of resistance


   Skills:
 + Level 10.2 Fighting
 * Level 16.8 Axes
 + Level 9.3 Armour
 + Level 9.3 Shields


You had 7 spell levels left.
You didn't know any spells.
Your spell library was empty.

Dungeon Overview and Level Annotations

Branches:
Dungeon (1/1)

Altars:
Cheibriados
Dithmenos
Fedhas
Gozag
Kikubaaqudgha
Makhleb
Okawaru
Qazlal
Ru
Sif Muna
Trog
Uskayaw
Vehumet
Wu Jian
Xom
Yredelemnul
Zin
The Shining One
Beogh
Lugonu

Shops:
D *[??*?*:[((!!!!


Message History

You now have enough gold to buy +0 gold dragon scales on this level.
You can access your shopping list by pressing '$'.
You now have 967 gold pieces (gained 36).
You feel sick.
You start resting.
You feel sick. x3
You are no longer poisoned.
You start resting.
A naga comes into view. It is wielding a +0 halberd.
A naga is nearby!
A naga mage comes into view. It is wielding a +0 halberd.
Things that are here:
4 curare-tipped darts; a +0 short sword of distortion A water moccasin comes into view.
The naga mage shouts!
You closely miss the water moccasin. You block the water moccasin's attack.
You closely miss the water moccasin. You block the water moccasin's attack.
You barely miss the water moccasin. You block the water moccasin's attack.
You hit the water moccasin but do no damage.
The naga mage gestures wildly while chanting.
The naga mage seems to speed up.
You block the water moccasin's attack.
You slash the water moccasin!
The water moccasin is moderately wounded. 50...
The naga mage spits poison at you. The splash of poison hits you!
You are poisoned.
* * * LOW HITPOINT WARNING * * *
The water moccasin bites you but does no damage.
You slash the water moccasin!
The water moccasin is almost dead.
* * * LOW HITPOINT WARNING * * *
You feel sick. The water moccasin closely misses you.
Unknown command.
You hit the water moccasin.
You kill the water moccasin!
The naga mage points at you and mumbles some strange words.
The bolt of poison hits you.
You are lethally poisoned!
You die...
Your body crumbles into a pile of gold.

#........_# #.........#
#_......._# ###......)..###
#⌠...........⌠#
######.8..[......8.######
##.___......###..[(..___∩##
##∩........8)# #.8..(.....∩###
.............###@$.(.........##
..........###(..###..........⌠#
.....N....# #.<.# #..........⌠#
..........###...###..........⌠#
.............###.............##
##∩........8N# #.8........∩###
##∩_._).....###......___∩##
######.8.........8.######
#⌠...........⌠#


You could see a naga mage (fast).

Vanquished Creatures
  Sonja (D)
  A naga mage (D)
  A kobold demonologist (D)
  A water moccasin (D)
  2 kobold brigands (D)
  2 jellies (D)
  Ijyb (D)
  2 adders (D)
  4 endoplasms (D)
  2 goblins (D)
  3 kobolds (D)
20 creatures vanquished.

Notes
Turn   | Place    | Note
-------+----------+-------------------------------------------
     0 | D        | retardedninja the Hill Orc Fighter began the quest for the
                  | Orb.
     0 | D        | Reached XP level 1. HP: 19/19 MP: 1/1
     1 | D        | Found a sacrificial altar of Ru.
     1 | D        | Found a shadowy altar of Dithmenos.
     2 | D        | Found a snail-covered altar of Cheibriados.
     3 | D        | Found a roughly hewn altar of Beogh.
     4 | D        | Found a radiant altar of Vehumet.
     4 | D        | Found Hoipod's Staff Store.
     4 | D        | Found Loam's Magic Scroll Shop.
     5 | D        | Found a burning altar of Makhleb.
     5 | D        | Found Arall's Must-Have Magic.
     5 | D        | Found Eddol's Magic Scroll Shop.
     5 | D        | Round 1.
    25 | D        | Found an ancient bone altar of Kikubaaqudgha.
    26 | D        | Found a bloodstained altar of Trog.
    27 | D        | Found a glowing golden altar of the Shining One.
    29 | D        | Found a corrupted altar of Lugonu.
    29 | D        | Found an opulent altar of Gozag.
    29 | D        | Found Tatuptila's Identification Station.
    30 | D        | Found Kafak's Jewellery.
    30 | D        | Found Foigopn's Advanced Armour.
    41 | D        | Found a shimmering altar of Xom.
    45 | D        | Became a worshipper of Gozag Ym Sagoz the Greedy
    51 | D        | Reached skill level 3 in Axes
    58 | D        | Found a hide-covered altar of Uskayaw.
    59 | D        | Found a blossoming altar of Fedhas.
    59 | D        | Found Iteibelu's Premium Goods.
    79 | D        | Found Wyur's Miscellaneous Merchandise.
    79 | D        | Found Ywuin's Basic Armour.
    88 | D        | Found Maxt's Weapon Rack.
    88 | D        | Found a stormy altar of Qazlal.
    88 | D        | Found an iron altar of Okawaru.
    88 | D        | Found a basalt altar of Yredelemnul.
   102 | D        | Bought a +0 cloak for 54 gold pieces
   112 | D        | Found a glowing silver altar of Zin.
   113 | D        | Found an ornate altar of the Wu Jian Council.
   116 | D        | Found a shimmering blue altar of Sif Muna.
   116 | D        | Found Oteaghai's Do-It-Yourself Clinic.
   116 | D        | Found Xeifreumn's Bottled Wisdom.
   117 | D        | Found Iliseth's Distillery.
   119 | D        | Found Jeodof's Distillery.
   127 | D        | Bought a potion of experience for 300 gold pieces
   127 | D        | Reached skill level 9 in Axes
   127 | D        | Reached XP level 2. HP: 27/27 MP: 2/2
   148 | D        | Noticed Ijyb
   152 | D        | Paralysed by Ijyb for 4 turns
   162 | D        | Paralysed by Ijyb for 4 turns
   166 | D        | Killed Ijyb
   167 | D        | Reached skill level 10 in Axes
   167 | D        | Reached XP level 3. HP: 31/34 MP: 3/3
   187 | D        | Arena points: 6 (+6) [x1]
   193 | D        | Bought a twitching wooden ring for 45 gold pieces
   193 | D        | Identified the ring of Law {rC+ AC+4 Dex+2 Slay+3} (You
                  | bought it in a shop in the Dungeon)
   193 | D        | Bought a clouded brass ring for 45 gold pieces
   193 | D        | Identified the ring of Cemuimen {Fly Dex+3} (You bought it
                  | in a shop in the Dungeon)
   193 | D        | Bought a bound lead ring for 45 gold pieces
   193 | D        | Identified the ring "Yhiuj" {rF+ Dex+6} (You bought it in a
                  | shop in the Dungeon)
   204 | D        | Round 2.
   251 | D        | Reached skill level 5 in Fighting
   251 | D        | Reached XP level 4. HP: 37/42 MP: 4/4
   364 | D        | Arena points: 34 (+28) [x2]
   365 | D        | Reached skill level 11 in Axes
   365 | D        | Reached skill level 5 in Armour
   365 | D        | Reached skill level 5 in Shields
   407 | D        | Round 3.
   408 | D        | Noticed a kobold brigand
   411 | D        | Noticed a kobold brigand
   422 | D        | HP: 2/42 [kobold brigand/+0 club (6)]
   425 | D        | Killed a kobold brigand
   426 | D        | Reached skill level 12 in Axes
   426 | D        | Reached XP level 5. HP: 21/50 MP: 5/5
   429 | D        | Killed a kobold brigand
   430 | D        | Reached XP level 6. HP: 21/58 MP: 6/6
   434 | D        | Noticed a kobold demonologist
   436 | D        | Noticed Sonja
   438 | D        | Killed Sonja
   439 | D        | Reached skill level 15 in Axes
   439 | D        | Reached XP level 7. HP: 28/70 MP: 7/7
   449 | D        | Noticed a smoke demon
   451 | D        | Noticed a sixfirhy
   452 | D        | Killed a kobold demonologist
   453 | D        | Reached skill level 16 in Axes
   453 | D        | Reached XP level 8. HP: 33/78 MP: 8/8
   465 | D        | Arena points: 88 (+54) [x3]
   481 | D        | Round 4.
   543 | D        | Noticed a naga mage
   557 | D        | Killed a naga mage
   558 | D        | Reached skill level 10 in Fighting
   572 | D        | Noticed a naga mage
   582 | D        | Killed from afar by a naga mage

Illustrated notes

Levels and vault maps discovered:
D:        arena_sprint

Skill      XL: |  1  2  3  4  5  6  7  8 |
---------------+-------------------------+-----
Axes           | 9 10 12 15 16 | 16.8
Fighting       | 4 5 6 9 10 | 10.2
Armour         | 4 5 6 8 9 |  9.3
Shields        | 4 5 6 8 9 |  9.3

Action                     |  1- 3 |  4- 6 |  7- 9 || total
---------------------------+-------+-------+-------++-------
  Melee: War axe           |    22 |    19 |    29 ||    70
  Evoke: Wand              |       |     2 |     3 ||     5
    Use: Potion            |     1 |     4 |       ||     5
 Armour: Scale mail        |     7 |     9 |     7 ||    23
  Dodge: Dodged            |     5 |    16 |     6 ||    27
  Block: Buckler           |     1 |     4 |     8 ||    13

Table legend: (Time is in decaauts)
 A = Elapsed time spent in this place.
 B = Non-inter-level travel time spent in this place.
 C = Inter-level travel time spent in this place.
 D = Time resting spent in this place.
 E = Time spent auto-exploring this place.
 F = Levels seen in this place.
 G = Mean time per level.
                   A        B        C        D        E       F      G
               +--------+--------+--------+--------+--------+-----+--------+
         Total |    571 |    535 |     36 |    129 |     43 |   1 |  571.0 |
       Dungeon |    571 |    535 |     36 |    129 |     43 |   1 |  571.0 |
               +--------+--------+--------+--------+--------+-----+--------+

Top non-repeatable levels by time:
       D: 571 daAuts
